 Seeded DCSS version 0.28-a0-823-gb444dcf96d (webtiles) character file.

Game seed: 5494768922653061978 (custom seed)

54 croobank the Sneak (level 3, 0/14 HPs)
             Began as a Felid Enchanter on Nov 9, 2021.
             Slain by Terence (5 damage)
             ... on level 2 of the Dungeon.
             The game lasted 00:13:21 (1806 turns).

croobank the Sneak (Felid Enchanter)                Turns: 1806, Time: 00:13:21

Health: 0/14       AC:  1    Str:  5    XL:     3   Next: 66%
Magic:  5/7        EV: 17    Int: 16    God:
Gold:   45         SH:  0    Dex: 16    Spells: 4/6 levels left
                                        Lives:  0   Deaths: 0

rFire   . . .      SeeInvis +     - Unarmed
rCold   . . .      Faith    .   (shield unavailable)
rNeg    . . .      Spirit   .   (armour unavailable)
rPois   .          Reflect  .   (helmet unavailable)
rElec   .          Harm     .   (cloak unavailable)
rCorr   .          Rampage  .   (gloves unavailable)
Will    .....                   (boots unavailable)
Stlth   +++.......              (no amulet)
HPRegen 0.04/turn               (no ring)
MPRegen 0.10/turn               (no ring)

@: quick
A: very small, claws 1, fangs 3, see invisible, speed 1, shaggy fur 1, stealthy
paws, no weapons or thrown items, no armour, multi-lived
a: no special abilities


You were on level 2 of the Dungeon.
You visited 1 branch of the dungeon, and saw 2 of its levels.

You collected 45 gold pieces.

Inventory:

Missiles
 e - 60 stones
Scrolls
 b - 2 scrolls of noise {unknown}
 c - a scroll of summoning {unknown}
 d - a scroll of identify {unknown}
Potions
 a - 2 potions of heal wounds {unknown}
 f - a potion of curing {unknown}
 g - a potion of cancellation {unknown}


   Skills:
 + Level 3.1 Dodging
 + Level 5.1 Stealth
 + Level 1.4 Unarmed Combat
 + Level 2.2 Spellcasting
 + Level 4.8 Hexes
 + Level 0.5 Ice Magic


You had 4 spell levels left.
You knew the following spells:

 Your Spells              Type           Power      Damage    Failure   Level
a - Ensorcelled Hibernat  Hex/Ice        20%        N/A       10%         2

Your spell library contained the following spells:

 Spells                   Type           Power      Damage    Failure   Level
 Confusing Touch          Hex            17%        N/A       9%          3
 Tukima's Dance           Hex            17%        N/A       9%          3
 Dazzling Flash           Conj/Hex       18%        N/A       22%         3


Dungeon Overview and Level Annotations

Branches:
Dungeon (2/15)

Altars:

Annotations:
D:2 Terence


Innate Abilities, Weirdness & Mutations

You have sharp claws.
You have razor-sharp teeth.
You have supernaturally acute eyesight. (SInv)
You cover ground quickly. (Speed+)
You are covered in fur. (AC +1)
Your paws help you pounce on unaware monsters.
You are incapable of wielding weapons or throwing items.
You cannot wear armour.
You gain extra lives every three experience levels.


Message History

You scratch the worm but do no damage.
The worm is severely wounded.
The worm closely misses you.
You scratch the worm.
The worm is severely wounded.
You scratch the worm.
The worm is almost dead.
The worm bites you.
You scratch the worm. You bite the worm.
You kill the worm!
HP restored.
You see here a +0 cloak.
Terence is nearby!
Casting: Ensorcelled Hibernation (safe; 10% risk of failure)
Confirm with . or Enter, or press ? or * to list all spells.
Aiming: Ensorcelled Hibernation (safe; 10% risk of failure)
Press: ? - help, Shift-Dir - straight line, f - Terence
Aim: Terence, wielding a +0 short sword and wearing a +0 ring mail (chance to affect: 50%) Terence looks drowsy...
Terence shouts!
You scratch Terence.
Terence is moderately wounded.
Terence closely misses you.
You scratch Terence.
Terence is heavily wounded.
Terence hits you with a +0 short sword.
You scratch Terence.
Terence is heavily wounded.
Terence hits you with a +0 short sword.
You scratch Terence but do no damage.
Terence is heavily wounded.
Terence misses you.
You scratch Terence but do no damage.
Terence is heavily wounded.
Terence looks scornfully at you. Terence hits you with a +0 short sword.
You barely miss Terence.
Terence is heavily wounded.
Terence hits you with a +0 short sword.
You die...

#.# #.#).## #######.....#
#.# ##.....#
#..>.....)..# #.#
#..#...####.#####.....#
#.#
#..#..................#
#.#
#..##..####.#####...###
#.# #†.....# #.# ##.##
#.####.###.## #.# #.#
...........#
#.######.####
.#####.#####
#@..........# .##.......#
#@######.##.# .##.#####.#
#....###.# # .##.# #.#
#....[##.# ....# #.#
#.....)..# ..#.# #.#
#.......## ..#.#####.#
#....##.#
..........######.#####.##
# .................#
##.).##.#


You could see Terence.

Vanquished Creatures
  Natasha (D:2)
  A worm (D:2)
  5 endoplasms
  A giant cockroach (D:2)
  5 hobgoblins
  3 ball pythons (D:1)
  A bat (D:2)
  2 frilled lizards (D:1)
  2 goblins (D:1)
  2 kobolds
  2 rats (D:1)
25 creatures vanquished.

Notes
Turn   | Place    | Note
-------+----------+-------------------------------------------
     0 | D:1      | croobank the Felid Enchanter began the quest for the Orb.
     0 | D:1      | Reached XP level 1. HP: 7/7 MP: 4/4
   477 | D:1      | Found a faded altar of an unknown god.
   719 | D:1      | Reached XP level 2. HP: 11/11 MP: 6/6
   891 | D:1      | Learned a level 2 spell: Ensorcelled Hibernation
  1189 | D:2      | Noticed Terence
  1200 | D:2      | Noticed Natasha
  1587 | D:2      | Killed Natasha
  1588 | D:2      | Reached skill level 5 in Stealth
  1588 | D:2      | Reached XP level 3. HP: 14/14 MP: 5/7
  1806 | D:2      | Slain by Terence

Illustrated notes

Levels and vault maps discovered:
D:1:      kennysheep_arrival_seaside, layout_basic, basic_ecumenical_altar
D:2:      layout_loops_ring, bh_walls_and_bars, uniq_terence, uniq_natasha

Skill      XL: |  1  2 |
---------------+-------+-----
Dodging        | 3 |  3.1
Stealth        | 5 |  5.1
Unarmed Combat | |  1.4
Spellcasting   | |  2.2
Hexes          | |  4.8
Ice Magic      | |  0.5

Action                   || total
-------------------------++-------
Melee: Unarmed           ||    66
       Bite              ||     5
 Cast: Ensorcelled Hiber ||     6
  Use: Potion            ||     1
       Scroll            ||     1
 Stab: Sleeping          ||    11
       Distracted        ||     2
Armor: Skin              ||     5
Dodge: Dodged            ||    41

Table legend: (Time is in decaauts)
 A = Elapsed time spent in this place.
 B = Non-inter-level travel time spent in this place.
 C = Inter-level travel time spent in this place.
 D = Time resting spent in this place.
 E = Time spent auto-exploring this place.
 F = Levels seen in this place.
 G = Mean time per level.
                   A        B        C        D        E       F      G
               +--------+--------+--------+--------+--------+-----+--------+
         Total |   1617 |   1583 |     34 |    673 |    549 |   2 |  808.5 |
       Dungeon |   1617 |   1583 |     34 |    673 |    549 |   2 |  808.5 |
               +--------+--------+--------+--------+--------+-----+--------+

Top non-repeatable levels by time:
     D:1: 1315 daAuts
     D:2: 301 daAuts
